 Dungeon Sprint DCSS version 0.29-a0-409-gd843f3a48c (webtiles) character file.

Game seed: 4055934054691449658

45103 mhtbhm the Slayer (level 13, -22/154 HPs)
             Began as a Minotaur Fighter on May 13, 2022.
             Was an Initiate of Gozag.
             Annihilated by an orc warlord
             ... wielding a +5 vorpal long sword
              (27 damage)
             ... in the Dungeon (Sprint VII: "The Pits").
             The game lasted 00:13:14 (4740 turns).

mhtbhm the Slayer (Minotaur Fighter)                Turns: 4740, Time: 00:13:15

Health: -22/154    AC: 28    Str: 26    XL:     13   Next: 99%
Magic:  0/4        EV: 14    Int:  7    God:    Gozag
Gold:   296        SH:  8    Dex: 10    Spells: 12/12 levels left

rFire   + . .      SeeInvis +   a - +2 war axe (antimagic)
rCold   . . .      Faith    .   c - +0 buckler
rNeg    . . .      Spirit   +   b - +4 plate armour {rF+}
rPois   +          Reflect  .   o - +3 crown of Dyrovepreva {rElec Int+2 SInv}
rElec   +          Harm     .   q - +0 cloak
rCorr   .          Rampage  .   (no gloves)
Will    .....      NoTele   +   (no boots)
Stlth   ..........              n - amulet of guardian spirit
HPRegen 0.35/turn               w - ring "Toidd" {Fly rPois}
MPRegen 0.09/turn               p - +3 ring of evasion

@: on berserk cooldown, flying, slowed, studying Staves, very slow
A: horns 2, retaliatory headbutt
a: Renounce Religion, Potion Petition, Call Merchant, Bribe Branch


You were in the Dungeon.
You worshipped Gozag.
Gozag was aware of your devotion.
You visited 1 branch You collected 10989 gold pieces.
You spent 3461 gold pieces at shops.
You paid 7232 gold pieces to Gozag.

Inventory:

Hand Weapons
 a - a +2 antimagic war axe (weapon)
Missiles
 C - 3 javelins (quivered)
Armour
 b - a +4 plate armour of fire resistance (worn)
 c - a +0 buckler (worn)
 o - the +3 crown of Dyrovepreva (worn) {rElec Int+2 SInv}
   (You bought it in a shop in the Dungeon)

   Int:       It affects your intelligence (+2).
   rElec:     It insulates you from electricity.
   SInv:      It lets you see invisible.
 q - a +0 cloak (worn)
Jewellery
 n - an amulet of guardian spirit (around neck)
 p - a +3 ring of evasion (right hand)
 u - a ring of protection from cold
 w - the ring "Toidd" (left hand) {Fly rPois}
   (You found it in the Dungeon)

   [ring of flight]

   rPois:     It protects you from poison.
   Fly:       It grants you flight.
Wands
 v - a wand of polymorph (9)
 E - a wand of acid (4)
Scrolls
 j - 2 scrolls of blinking
 l - 5 scrolls of amnesia
 r - 2 scrolls of fog
 t - 2 scrolls of identify
 x - a scroll of poison
 y - 6 scrolls of enchant weapon
 z - 3 scrolls of fear
 A - 2 scrolls of enchant armour
Potions
 d - 2 potions of might
 e - 3 potions of curing
 f - 6 potions of heal wounds
 g - a potion of haste
 h - 4 potions of magic
 i - 2 potions of berserk rage
 k - a potion of invisibility
 m - a potion of attraction {unknown}
 s - 3 potions of brilliance
 B - a potion of mutation
Miscellaneous
 D - a phantom mirror (inert)


   Skills:
 + Level 25.0 Fighting
 + Level 24.9 Axes
 + Level 1.1 Throwing
 + Level 20.8 Armour
 + Level 9.0 Dodging
 - Level 3.6 Stealth
 + Level 18.0 Shields
 + Level 3.0 Evocations


You had 12 spell levels left.
You didn't know any spells.
Your spell library contained the following spells:

 Spells                   Type           Power      Damage    Failure   Level
 Sandblast                Erth           0%         2d4       94%         1
 Passwall                 Tmut/Erth      0%         N/A       98%         2
 Gell's Gravitas          Tloc           0%         N/A       100%        3
 Ignite Poison            Fire/Tmut/Pois 0%         N/A       100%        3
 Mephitic Cloud           Conj/Pois/Air  0%         N/A       100%        3
 Stone Arrow              Conj/Erth      0%         3d7       100%        3
 Teleport Other           Tloc           0%         N/A       100%        3
 Alistair's Intoxication  Tmut/Pois      0%         N/A       100%        5
 Borgnjor's Vile Clutch   Necr/Erth      0%         N/A       100%        5
 Freezing Cloud           Conj/Ice/Air   0%         6-21      100%        5
 Dispersal                Tloc           0%         N/A       100%        6
 Eringya's Noxious Bog    Tmut/Pois      0%         N/A       100%        6


Dungeon Overview and Level Annotations

Branches:
Dungeon (1/1)

Altars:
Ashenzari
Cheibriados
Dithmenos
Elyvilon
Fedhas
Gozag
Hepliaklqana
Kikubaaqudgha
Makhleb
Nemelex Xobeh
Okawaru
Qazlal
Ru
Sif Muna
Trog
Uskayaw
Vehumet
Wu Jian
Xom
Yredelemnul
Zin
The Shining One
Beogh
Jiyva
Lugonu

Shops:
D *[(


Innate Abilities, Weirdness & Mutations

You have a pair of horns on your head.
You reflexively headbutt those who attack you in melee.


Message History

The orc knight no longer looks unusually strong.
The orc warlord completely misses you.
The orc knight sings a few bars from the Orcish anthem.
You block the orc knight's attack.
You hit the orc warlord but do no damage.
You headbutt the orc warlord.
The orc warlord is almost dead.
You barely miss the orc knight.
The orc knight hits you but does no damage.
You block the orc warlord's attack.
You hit the orc warlord.
The orc warlord is almost dead.
You barely miss the orc knight. The orc knight misses you.
You furiously retaliate!
You headbutt the orc knight, but do no damage.
The orc warlord roars a battlecry!
The orc knight goes into a battle-frenzy!
You slash the orc warlord!
You headbutt the orc warlord, but do no damage.
The orc warlord is almost dead.
You slice the orc knight!!
The orc warlord no longer looks unusually strong.
The orc warlord hits you with a +5 vorpal long sword!
The orc knight roars a battlecry!
The orc warlord goes into a battle-frenzy!
You hit the orc warlord but do no damage.
The orc warlord is almost dead.
You hit the orc knight but do no damage.
You block the orc knight's attack.
The orc warlord hits you with a +5 vorpal long sword!!
* * * LOW HITPOINT WARNING * * *
x2 Unknown command.
You hit the orc warlord but do no damage.
The orc warlord is almost dead.
You slash the orc knight!
The orc knight hits you with a +1 vorpal war axe!!
* * * LOW HITPOINT WARNING * * *
x2 The orc warlord hits you with a +5 vorpal long sword!!
You die...
Your body crumbles into a pile of gold.

#.# #'#
##############################'#
............∩......)........∩∩.#
...................)...........#
#############''##############..#
#...$.$..# # #[.# #.#.#.$$$#.#.#
#..# #.....$$$@o..# #..#
#.#.#..$$#o#.# #..#
#....$.$$o...# #..#
#.#.#$.$.#$#.# #..#
............... #..#
#.#.#....#.#.#.# #..#
#...#....#...#... #..# ##
########## ## #++# ###########


You could see an orc warlord (strong) and an orc knight (strong).

Vanquished Creatures
  Saint Roka (D)
  A Tzitzimitl (D)
  A deep elf blademaster (D)
  A death cob (D)
  Ilsuiw (D)
  2 orc warlords (D)
  A war gargoyle (D)
  2 green draconians (D)
  A minotaur (D)
  A deep elf annihilator (D)
  An ettin (D)
  Snorg (D)
  4 vault guards (D)
  A rakshasa (D)
  A hydra (D)
  A catoblepas (D)
  A death yak (D)
  An anaconda (D)
  A death knight (D)
  A two-headed ogre (D)
  3 naga warriors (D)
  A deep elf knight (D)
  A fire crab (D)
  A cherub (D)
  2 swamp dragons (D)
  A lindwurm (D)
  A necromancer (D)
  A deep elf zephyrmancer (D)
  9 orc knights (D)
  4 orc sorcerers (D)
  An elephant (D)
  An ugly thing (D)
  An orange demon (D)
  An eye of devastation (D)
  2 cane toads (D)
  A yaktaur (D)
  A kobold demonologist (D)
  3 ice devils (D)
  3 efreet (D)
  A hellwing (D)
  A red devil (D)
  A tarantella (D)
  4 tyrant leeches (D)
  2 wind drakes (D)
  3 trolls (D)
  A hornet (D)
  17 dream sheep (D)
  2 jumping spiders (D)
  A shadow (D)
  A water elemental (D)
  A ynoxinul (D)
  A spriggan (D)
  A large abomination (D)
  A fire bat (D)
  2 basilisks (D)
  A fire elemental (D)
  2 vampire mosquitoes (D)
  3 wargs (D)
  A floating eye (D)
  10 orc warriors (D)
  An ice beast (D)
  A sky beast (D)
  An ogre (D)
  2 centaurs (D)
  A wolf (D)
  A kobold brigand (D)
  A scorpion (D)
  4 wights (D)
  A jelly (D)
  2 hounds (D)
  An orc priest (D)
  An iron imp (D)
  2 iguanas (D)
  2 orc wizards (D)
  A hell rat (D)
  A gnoll (D)
  An adder (D)
  A river rat (D)
  An ufetubus (D)
  12 orcs (D)
  A bat (D)
  2 quokkas (D)
  A ball python zombie (D)
  2 frilled lizards (D)
  A giant cockroach simulacrum (D)
  A giant cockroach zombie (D)
  5 kobolds (D)
  4 rats (D)
175 creatures vanquished.

Vanquished Creatures (collateral kills)
  2 orc knights (D)
  An orc sorcerer (D)
  An orc priest (D)
  2 orcs (D)
6 creatures vanquished.

Vanquished Creatures (others)
  A deep elf knight (D)
  A large abomination (D)
  An adder zombie (D)
  A ball python simulacrum (D)
  A ball python skeleton (D)
  A bat simulacrum (D)
  A quokka zombie (D)
7 creatures vanquished.

Grand Total: 188 creatures vanquished

Notes
Turn   | Place    | Note
-------+----------+-------------------------------------------
     0 | D        | mhtbhm the Minotaur Fighter began the quest for the Orb.
     0 | D        | Reached XP level 1. HP: 19/19 MP: 0/0
    10 | D        | Noticed a floating eye
    11 | D        | Paralysed by a floating eye for 4 turns
    17 | D        | Killed a floating eye
    18 | D        | Reached skill level 6 in Fighting
    18 | D        | Reached XP level 2. HP: 31/31 MP: 1/1
    18 | D        | Reached XP level 3. HP: 38/38 MP: 2/2
    18 | D        | Reached XP level 4. HP: 45/45 MP: 3/3
    22 | D        | Found a bloodstained altar of Trog.
    22 | D        | Found a shimmering blue altar of Sif Muna.
    22 | D        | Found a viscous altar of Jiyva.
    22 | D        | Found a hazy altar of Hepliaklqana.
    22 | D        | Found an opulent altar of Gozag.
    23 | D        | Found a glowing golden altar of the Shining One.
    23 | D        | Found a glowing silver altar of Zin.
    23 | D        | Found a basalt altar of Yredelemnul.
    23 | D        | Found a shimmering altar of Xom.
    23 | D        | Found an ornate altar of the Wu Jian Council.
    23 | D        | Found a sacrificial altar of Ru.
    23 | D        | Found a stormy altar of Qazlal.
    23 | D        | Found an iron altar of Okawaru.
    23 | D        | Found a sparkling altar of Nemelex Xobeh.
    23 | D        | Found a burning altar of Makhleb.
    23 | D        | Found a blossoming altar of Fedhas.
    23 | D        | Found a white marble altar of Elyvilon.
    23 | D        | Found a shadowy altar of Dithmenos.
    23 | D        | Found a snail-covered altar of Cheibriados.
    25 | D        | Found a radiant altar of Vehumet.
    25 | D        | Found a corrupted altar of Lugonu.
    26 | D        | Found a hide-covered altar of Uskayaw.
    26 | D        | Found an ancient bone altar of Kikubaaqudgha.
    26 | D        | Found a broken altar of Ashenzari.
    30 | D        | Became a worshipper of Gozag Ym Sagoz the Greedy
    65 | D        | Noticed a scorpion
    70 | D        | Killed a scorpion
    71 | D        | Reached skill level 7 in Fighting
    71 | D        | Reached skill level 5 in Axes
    71 | D        | Reached XP level 5. HP: 37/53 MP: 4/4
   214 | D        | Reached skill level 8 in Fighting
   304 | D        | Noticed an ice beast
   305 | D        | Noticed an ogre
   306 | D        | Noticed a sky beast
   309 | D        | Reached skill level 1 in Dodging
   315 | D        | Killed an ice beast
   316 | D        | Reached skill level 9 in Fighting
   316 | D        | Reached XP level 6. HP: 63/63 MP: 5/5
   333 | D        | Killed a sky beast
   334 | D        | Reached skill level 10 in Fighting
   334 | D        | Reached XP level 7. HP: 47/72 MP: 6/6
   472 | D        | Noticed a jumping spider
   479 | D        | Killed a jumping spider
   480 | D        | Reached skill level 10 in Armour
   480 | D        | Reached skill level 10 in Shields
   547 | D        | Noticed a red devil
   547 | D        | Noticed a kobold demonologist
   556 | D        | Reached skill level 11 in Fighting
   558 | D        | Reached skill level 10 in Axes
   567 | D        | Killed a red devil
   568 | D        | Reached XP level 8. HP: 63/82 MP: 7/7
   583 | D        | Killed a kobold demonologist
   584 | D        | Reached skill level 12 in Fighting
   928 | D        | Noticed a tarantella
   928 | D        | Noticed a tyrant leech
   941 | D        | Killed a tarantella
   942 | D        | Reached XP level 9. HP: 44/92 MP: 2/8
   952 | D        | Killed a tyrant leech
   953 | D        | Reached skill level 13 in Fighting
   953 | D        | Reached skill level 5 in Dodging
   966 | D        | Noticed an efreet
   966 | D        | Noticed an efreet
   980 | D        | Killed an efreet
   981 | D        | Killed an efreet
  1178 | D        | Reached skill level 14 in Fighting
  1178 | D        | Reached skill level 15 in Axes
  1186 | D        | Reached XP level 10. HP: 94/104 MP: 3/9
  1208 | D        | Noticed a death yak
  1208 | D        | Noticed an orange demon
  1227 | D        | Killed a death yak
  1228 | D        | Reached skill level 15 in Fighting
  1240 | D        | Killed an orange demon
  1570 | D        | Noticed a two-headed ogre
  1583 | D        | Killed a two-headed ogre
  1593 | D        | Reached skill level 16 in Fighting
  1842 | D        | Noticed a deep elf zephyrmancer
  1842 | D        | Noticed a cane toad
  1842 | D        | Noticed a cane toad
  1844 | D        | Noticed an orc knight
  1860 | D        | Killed an orc knight
  1868 | D        | Killed a cane toad
  1869 | D        | Reached XP level 11. HP: 73/116 MP: 3/10
  1873 | D        | Reached skill level 15 in Armour
  1876 | D        | Killed a deep elf zephyrmancer
  1877 | D        | Reached skill level 17 in Fighting
  1902 | D        | Noticed a lindwurm
  1902 | D        | Noticed an eight-headed hydra
  1902 | D        | Noticed a green draconian
  1923 | D        | Killed a lindwurm
  1937 | D        | Killed an 18-headed hydra
  1938 | D        | Reached skill level 18 in Fighting
  1938 | D        | Reached skill level 1 in Throwing
  1938 | D        | Reached skill level 1 in Stealth
  1952 | D        | Killed a green draconian
  2027 | D        | Got the ring "Toidd" {Fly rPois}
  2402 | D        | Noticed an orc sorcerer
  2403 | D        | Noticed Saint Roka
  2404 | D        | Noticed a swamp dragon
  2405 | D        | Noticed a soul eater
  2415 | D        | Killed an orc sorcerer
  2435 | D        | Killed a swamp dragon
  2436 | D        | Reached skill level 19 in Fighting
  2437 | D        | Killed Saint Roka
  2438 | D        | Reached XP level 12. HP: 49/130 MP: 0/11
  2821 | D        | Reached skill level 15 in Shields
  2933 | D        | Noticed a rakshasa
  2969 | D        | HP: 5/132 [tyrant leech (23)]
  2982 | D        | Killed a rakshasa
  2983 | D        | Reached skill level 20 in Fighting
  3354 | D        | Bought the +3 crown of Dyrovepreva {rElec Int+2 SInv} for
                  | 1449 gold pieces
  3354 | D        | Found the +3 crown of Dyrovepreva {rElec Int+2 SInv}
  3354 | D        | Bought a glowing scarf for 280 gold pieces
  3355 | D        | Bought a glowing scarf for 280 gold pieces
  3363 | D        | Noticed a Tzitzimitl
  3373 | D        | Killed a Tzitzimitl
  3730 | D        | Noticed a catoblepas
  3730 | D        | Noticed a minotaur
  3730 | D        | Noticed a deep elf annihilator
  3730 | D        | Noticed a war gargoyle
  3730 | D        | Noticed a green draconian
  3730 | D        | Noticed Ilsuiw
  3750 | D        | Killed a deep elf annihilator
  3751 | D        | Killed a minotaur
  3755 | D        | Killed a war gargoyle
  3757 | D        | Killed a green draconian
  3758 | D        | Reached skill level 21 in Fighting
  3766 | D        | Killed a catoblepas
  3772 | D        | Killed Ilsuiw
  3983 | D        | Noticed a death cob
  4000 | D        | Killed a death cob
  4025 | D        | Noticed a naga warrior
  4026 | D        | Reached skill level 22 in Fighting
  4033 | D        | Killed a naga warrior
  4034 | D        | Reached XP level 13. HP: 20/145 MP: 1/12
  4046 | D        | Noticed Snorg
  4053 | D        | Killed Snorg
  4626 | D        | Bought a phantom mirror for 1320 gold pieces
  4626 | D        | Bought a short iron wand for 132 gold pieces
  4634 | D        | Noticed an orc warlord
  4634 | D        | Noticed an orc warlord
  4640 | D        | Noticed a deep elf blademaster
  4652 | D        | Noticed an ettin
  4654 | D        | Reached skill level 23 in Fighting
  4673 | D        | Noticed an orc warlord
  4681 | D        | Reached skill level 1 in Evocations
  4687 | D        | Killed a deep elf blademaster
  4689 | D        | Reached skill level 24 in Fighting
  4695 | D        | Paralysed by an orc sorcerer for 3 turns
  4701 | D        | Killed an ettin
  4720 | D        | Killed an orc warlord
  4725 | D        | Killed an orc warlord
  4727 | D        | Reached skill level 25 in Fighting
  4740 | D        | HP: 6/154 [orc knight/+1 vorpal war axe (24)]
  4740 | D        | Annihilated by an orc warlord

Illustrated notes

Levels and vault maps discovered:
D:        pitsprint [storerooms_1, entrance_room_1, metal_vault_2, armoury_3,
          mini_pit_1, grid_room_1, main_hall_1, silver_pit, the_coven_3,
          the_vestibule_1, steel_vault_5, golden_pit, hallway_of_sentries,
          crystal_vault_1, iron_vault_2, final_vault]

Skill      XL: |  1  2  3  4  5  6  7  8  9 10 11 12 13 |
---------------+----------------------------------------+-----
Fighting       | 6 7 9 10 11 12 14 16 19 22 25 | 25.0
Axes           | 4 5 7 8 10 12 15 18 20 22 24 | 24.9
Armour         | 6 7 9 10 11 13 14 16 19 20 | 20.8
Shields        | 6 7 8 9 10 11 12 13 14 16 18 | 18.0
Dodging        | 1 2 3 4 5 6 7 8 9 |  9.0
Throwing       | 1 |  1.1
Stealth        | 3 |  3.6
Evocations     | 3 |  3.0

Action                   |  1- 3 |  4- 6 |  7- 9 | 10-12 | 13-15 || total
-------------------------+-------+-------+-------+-------+-------++-------
Melee: War axe           |     3 |       |    51 |   282 |   141 ||   477
       Hand axe          |       |    47 |    46 |       |       ||    93
       Headbutt          |       |     5 |    21 |    66 |    42 ||   134
Throw: Dart              |       |       |       |     1 |       ||     1
Invok: Potion Petition   |       |       |     2 |     6 |     2 ||    10
       Call Merchant     |       |       |       |     2 |     1 ||     3
Evoke: Phantom mirror    |       |       |       |       |     7 ||     7
       Wand              |       |       |       |       |     1 ||     1
  Use: Potion            |       |     1 |     6 |    17 |     5 ||    29
       Scroll            |       |       |       |     1 |       ||     1
 Stab: Distracted        |       |       |       |     4 |     1 ||     5
       Petrified         |       |       |       |     5 |       ||     5
       Petrifying        |       |       |       |     1 |       ||     1
       Invisible         |       |       |       |       |    26 ||    26
Armor: Scale mail        |       |    24 |       |       |       ||    24
       Chain mail        |       |     4 |    35 |   124 |       ||   163
       Plate armour      |       |       |       |    15 |    42 ||    57
Dodge: Dodged            |       |    14 |    47 |   151 |    40 ||   252
Block: Buckler           |       |    10 |    29 |    77 |    36 ||   152

Table legend: (Time is in decaauts)
 A = Elapsed time spent in this place.
 B = Non-inter-level travel time spent in this place.
 C = Inter-level travel time spent in this place.
 D = Time resting spent in this place.
 E = Time spent auto-exploring this place.
 F = Levels seen in this place.
 G = Mean time per level.
                   A        B        C        D        E       F      G
               +--------+--------+--------+--------+--------+-----+--------+
         Total |   4559 |   4559 |      0 |   2928 |     23 |   1 | 4559.0 |
       Dungeon |   4559 |   4559 |      0 |   2928 |     23 |   1 | 4559.0 |
               +--------+--------+--------+--------+--------+-----+--------+

Top non-repeatable levels by time:
       D: 4559 daAuts
